 Dungeon Crawl Stone Soup version 0.28.0-53-g5a82cb258f (webtiles) character file.

Game seed: 8944602726828214384

2254 bnorton916 the Thaumaturge (level 9, -4/45 HPs)
             Began as a Deep Elf Fire Elementalist on July 3, 2022.
             Slain by Prince Ribbit (9 damage)
             ... on level 7 of the Dungeon on July 4, 2022.
             The game lasted 00:10:02 (10181 turns).

bnorton916 the Thaumaturge (DEFE)                  Turns: 10181, Time: 00:10:03

Health: -4/45      AC: 10    Str:  7    XL:     9   Next: 15%
Magic:  18/23      EV: 13    Int: 23    God:
Gold:   374        SH:  0    Dex: 21    Spells: 12/25 levels left

rFire   . . .      SeeInvis .   r - +0 spear (vamp)
rCold   . . .      Faith    .   (no shield)
rNeg    . . .      Spirit   .   a - +0 robe
rPois   .          Reflect  .   s - +0 helmet
rElec   .          Harm     .   (no cloak)
rCorr   .          Rampage  .   p - +2 pair of gloves
Will    .....                   (no boots)
Stlth   ++........              (no amulet)
HPRegen 0.15/turn               w - +4 ring of protection
MPRegen 0.18/turn               x - +6 ring of dexterity

@: no status effects
A: no striking features
a: no special abilities


You were on level 7 of the Dungeon.
You visited 1 branch of the dungeon, and saw 7 of its levels.

You collected 374 gold pieces.

Inventory:

Hand Weapons
 r - a +0 vampiric spear (weapon)
 D - a +2 vorpal flail
Missiles
 g - 239 stones
 i - 16 poisoned darts
Armour
 a - a +0 robe (worn)
 p - a +2 pair of gloves (worn)
 s - a +0 helmet (worn)
 z - a +0 buckler
Jewellery
 w - a +4 ring of protection (left hand)
 x - a +6 ring of dexterity (right hand)
Wands
 j - a wand of digging (5)
 n - a wand of flame (21)
 C - a wand of acid (3)
Scrolls
 d - a scroll of identify
 f - 3 scrolls of enchant weapon
 l - 3 scrolls of noise
 m - 2 scrolls of teleportation
 v - 2 scrolls of fear
 y - 4 scrolls of blinking
 E - a scroll of fog {unknown}
Potions
 b - a potion of invisibility
 c - 2 potions of resistance {unknown}
 e - a potion of attraction
 h - a potion of mutation {unknown}
 k - a potion of brilliance {unknown}
 o - a potion of magic {unknown}
 q - a potion of curing {unknown}
 t - 3 potions of heal wounds
 u - a potion of haste {unknown}
 A - 2 potions of degeneration
 B - a potion of might


   Skills:
 - Level 2.4 Dodging
 - Level 2.4 Stealth
 - Level 8.7 Spellcasting
 + Level 7.2 Conjurations
 + Level 5.5 Hexes
 + Level 1.7 Translocations
 - Level 7.6 Fire Magic
 + Level 1.7 Ice Magic


You had 12 spell levels left.
You knew the following spells:

 Your Spells              Type           Power      Damage    Failure   Level
a - Foxfire               Conj/Fire      100%       2x1d9     1%          1
b - Scorch                Fire           90%        2d10      1%          2
c - Conjure Flame         Conj/Fire      44%        6-21      1%          3
d - Apportation           Tloc           36%        N/A       3%          1
e - Flame Wave            Conj/Fire      44%        2d10      3%          4
f - Ensorcelled Hibernat  Hex/Ice        52%        N/A       2%          2

Your spell library contained the following spells:

 Spells                   Type           Power      Damage    Failure   Level
 Inner Flame              Hex/Fire       40%        N/A       1%          3
 Passwall                 Tmut/Erth      8%         N/A       10%         2
 Swiftness                Air            10%        N/A       19%         3
 Metabolic Englaciation   Hex/Ice        13%        N/A       36%         5
 Petrify                  Tmut/Erth      10%        N/A       54%         4
 Alistair's Intoxication  Tmut/Pois      6%         N/A       87%         5
 Statue Form              Tmut/Erth      6%         N/A       100%        6


Dungeon Overview and Level Annotations

Branches:
Dungeon (7/15)
 Temple: D:4-7

Altars:
Ashenzari
Okawaru
Ru

Shops:
D:3 (   D:6 ?((!

Annotations:
D:7 Prince Ribbit


Message History

You conjure some foxfire!
The foxfire hits the howler monkey zombie.
The howler monkey zombie is almost destroyed.
The foxfire hits the howler monkey zombie.
You destroy the howler monkey zombie!
Casting: Foxfire (safe; 1% risk of failure)
Confirm with . or Enter, or press ? or * to list all spells.
You conjure some foxfire!
Your foxfire dissipates! x2
Found a stone staircase leading down.
You now have 364 gold pieces (gained 23).
You now have 374 gold pieces (gained 10).
E - a scroll labelled MIDUQI QASUTS Prince Ribbit comes into view.
Casting: Foxfire (safe; 1% risk of failure)
Confirm with . or Enter, or press ? or * to list all spells.
Flames lash Prince Ribbit.
Prince Ribbit gives a loud, deep croak!
Prince Ribbit is lightly wounded.
Prince Ribbit's fire resistance burns away.
Prince Ribbit misses you. Prince Ribbit hits you!
Casting: Scorch (safe; 1% risk of failure)
Confirm with . or Enter, or press ? or * to list all spells.
Flames lash Prince Ribbit.
Prince Ribbit is burned terribly!
Prince Ribbit is heavily wounded.
Prince Ribbit hits you! x2
* * * LOW HITPOINT WARNING * * *
Prince Ribbit catches a butterfly with his tongue.
Prince Ribbit hits you.
* * * LOW HITPOINT WARNING * * *
Unknown command.
Casting: Scorch (safe; 1% risk of failure)
Confirm with . or Enter, or press ? or * to list all spells.
Flames lash Prince Ribbit.
Prince Ribbit is burned terribly!
Prince Ribbit is severely wounded.
Prince Ribbit hits you but does no damage.
Prince Ribbit hits you but does no damage.
Prince Ribbit hits you!
You die...

#....###... #....#
##.#
####...#####.#
#.............
#####...>........#
#.......##########
#.####### #.# #@#
......F.#
#########


You could see Prince Ribbit (combustible).

Vanquished Creatures
  Grinder (D:6)
  Sigmund (D:5)
  Menkaure (D:6)
  2 water moccasins
  An orc warrior (D:7)
  An ice beast (D:6)
  A sky beast (D:6)
  A necrophage (D:4)
  An ogre (D:4)
  A centaur (D:7)
  A scorpion (D:4)
  A bullfrog (D:7)
  A gnoll sergeant (D:7)
  2 water moccasin skeletons
  A bullfrog zombie (D:6)
  A jelly (D:7)
  2 orc priests
  A bullfrog skeleton (D:4)
  2 hounds
  A centaur skeleton (D:7)
  Jessica (D:2)
  2 iguanas (D:6)
  4 orc wizards
  Natasha (thrice) (D:2)
  2 hound skeletons (D:4)
  A howler monkey zombie (D:7)
  Robin (D:3)
  10 adders
  A white imp (D:6)
  A worm (D:4)
  4 dart slugs (D:1)
  12 orcs
  13 endoplasms
  A giant cockroach (D:1)
  12 hobgoblins
  2 jackals (D:3)
  7 kobolds
  2 quokkas
  11 ball pythons
  8 bats
  A frilled lizard (D:3)
  14 goblins
  2 rats (D:2)
139 creatures vanquished.

Vanquished Creatures (others)
  A bullfrog skeleton (D:7)
  A white imp (D:7)
  576 foxfires
  6 plants
584 creatures vanquished.

Grand Total: 723 creatures vanquished

Notes
Turn   | Place    | Note
-------+----------+-------------------------------------------
     0 | D:1      | bnorton916 the Deep Elf Fire Elementalist began the quest
                  | for the Orb.
     0 | D:1      | Reached XP level 1. HP: 10/10 MP: 6/6
    68 | D:1      | Found a faded altar of an unknown god.
   336 | D:1      | Reached XP level 2. HP: 15/15 MP: 5/8
  1328 | D:1      | Reached XP level 3. HP: 19/19 MP: 6/10
  1702 | D:1      | Learned a level 2 spell: Scorch
  1706 | D:1      | Learned a level 3 spell: Conjure Flame
  2019 | D:2      | Reached skill level 4 in Spellcasting
  2263 | D:2      | Noticed Natasha
  2273 | D:2      | Reached XP level 4. HP: 23/24 MP: 7/12
  2284 | D:2      | Killed Natasha
  2957 | D:2      | Learned a level 1 spell: Apportation
  3019 | D:2      | Noticed Natasha
  3023 | D:2      | Killed Natasha
  3023 | D:2      | Noticed Jessica
  3024 | D:2      | Reached XP level 5. HP: 28/28 MP: 11/14
  3028 | D:2      | Killed Jessica
  3118 | D:2      | Noticed Natasha
  3122 | D:2      | Killed Natasha
  3123 | D:2      | Reached skill level 5 in Spellcasting
  3135 | D:2      | Reached skill level 5 in Fire Magic
  3630 | D:3      | Found Eniboxew's Antique Weapon Shoppe.
  3790 | D:3      | Reached XP level 6. HP: 32/32 MP: 13/16
  3940 | D:3      | Noticed Robin
  3945 | D:3      | Killed Robin
  4990 | D:4      | Found a sacrificial altar of Ru.
  5033 | D:4      | Reached skill level 6 in Spellcasting
  5097 | D:4      | Reached XP level 7. HP: 28/36 MP: 9/18
  5551 | D:4      | Reached skill level 5 in Conjurations
  5854 | D:4      | Reached skill level 7 in Spellcasting
  6022 | D:5      | Entered Level 5 of the Dungeon
  6181 | D:5      | Found an iron altar of Okawaru.
  6189 | D:5      | Noticed Sigmund
  6218 | D:4      | Learned a level 4 spell: Flame Wave
  6221 | D:4      | Learned a level 2 spell: Ensorcelled Hibernation
  6232 | D:5      | Killed Sigmund
  6233 | D:5      | Reached skill level 1 in Hexes
  6911 | D:5      | Reached XP level 8. HP: 41/41 MP: 13/21
  7686 | D:6      | Found Leynk's Distillery.
  7695 | D:6      | Noticed Grinder
  7974 | D:6      | Paralysed by Grinder for 3 turns
  7977 | D:6      | Killed Grinder
  8133 | D:6      | Reached skill level 8 in Spellcasting
  8305 | D:6      | Found Buisuopp's Magic Scroll Shop.
  9019 | D:6      | Found Seos's Antique Weapon Shoppe.
  9074 | D:6      | Found Xujad's Antique Weapon Shop.
  9313 | D:6      | Noticed Menkaure
  9316 | D:6      | Killed Menkaure
  9317 | D:6      | Reached skill level 5 in Hexes
  9622 | D:7      | Reached XP level 9. HP: 45/45 MP: 12/23
  9906 | D:7      | Reached skill level 1 in Translocations
  9906 | D:7      | Reached skill level 1 in Ice Magic
 10043 | D:7      | Found a broken altar of Ashenzari.
 10175 | D:7      | Noticed Prince Ribbit
 10181 | D:7      | Slain by Prince Ribbit

Illustrated notes

Levels and vault maps discovered:
D:1:      elethiomel_arrival_maze, layout_basic,
          hellmonk_ecumenical_altar_leap_of_faith
D:2:      layout_basic, uniq_natasha, uniq_jessica
D:3:      layout_rooms, serial_shops, nicolae_shop_overgrown_old_shop,
          chequers_hall_statues_wall_a, minmay_shallow_snake_nest, uniq_robin
D:4:      layout_cave_pools, nicolae_ru_great_annihilating_truth, nrook_uturn,
          nicolae_concentric_dashed_squares_wild, minmay_puff
D:5:      layout_loops_ring, lemuel_doored_altar, uniq_sigmund
D:6:      layout_basic, serial_shops, nicolae_take_the_stairs,
          nicolae_shop_overgrown_old_shop, nicolae_shop_window_shopping, shop,
          uniq_menkaure, uniq_crazy_yiuf_cottage, uniq_grinder
D:7:      layout_loops_ring, mainiacjoe_overflow_alcove_1,
          lemuel_temple_firewalk_a, minmay_ruined_shrine, uniq_prince_ribbit1

Skill      XL: |  1  2  3  4  5  6  7  8  9 |
---------------+----------------------------+-----
Conjurations   | 2 3 4 5 7 |  7.2
Spellcasting   | 4 5 6 7 8 |  8.7
Fire Magic     | 4 5 6 7 |  7.6
Hexes          | 2 5 |  5.5
Translocations | 1 |  1.7
Ice Magic      | 1 |  1.7
Dodging        | |  2.4
Stealth        | |  2.4

Action                   |  1- 3 |  4- 6 |  7- 9 || total
-------------------------+-------+-------+-------++-------
Melee: Spear             |       |     2 |       ||     2
 Cast: Foxfire           |   115 |   125 |   105 ||   345
       Scorch            |       |    15 |    32 ||    47
       Conjure Flame     |       |       |     5 ||     5
       Ensorcelled Hiber |       |       |     1 ||     1
       Flame Wave        |       |       |     1 ||     1
Evoke: Wand              |       |       |     4 ||     4
  Use: Potion            |       |     2 |     2 ||     4
       Scroll            |       |       |     9 ||     9
Armor: Robe              |     4 |    13 |    18 ||    35
Dodge: Dodged            |    18 |    24 |    42 ||    84
